 Dungeon Crawl Stone Soup version 0.22.1-1-ga44c0e56f4 (webtiles) character file.

179 Nixze the Magician (level 5, -12/28 HPs)
             Began as a Deep Elf Venom Mage on Nov 2, 2018.
             Killed by divine providence
             ... invoked by an orc priest
              (13 damage)
             ... on level 3 of the Dungeon.
             The game lasted 00:08:58 (3088 turns).

Nixze the Magician (Deep Elf Venom Mage)            Turns: 3088, Time: 00:08:58

Health: -12/28     AC:  2    Str:  5    XL:     5   Next: 33%
Magic:  0/13       EV: 12    Int: 21    God:
Gold:   127        SH:  4    Dex: 15    Spells: 3/13 levels left

rFire    . . .     SeeInvis .   m - -2 dagger (curse)
rCold    . . .     Gourm    .   k - +0 buckler
rNeg     . . .     Faith    .   a - +0 robe
rPois    .         Spirit   .   (no helmet)
rElec    .         Reflect  .   (no cloak)
rCorr    .         Harm     .   (no gloves)
MR       .....                  (no boots)
Stlth    ++........             (no amulet)
HPRegen  0.09/turn              (no ring)
MPRegen  0.13/turn              (no ring)

@: no status effects
A: no striking features
a: no special abilities


You were on level 3 of the Dungeon.
You were not hungry.

You visited 1 branch of the dungeon, and saw 3 of its levels.

You collected 127 gold pieces.

Inventory:

Hand Weapons
 m - a cursed -2 dagger (weapon)
Armour
 a - a +0 robe (worn)
 k - a +0 buckler (worn)
Scrolls
 d - a scroll of identify {unknown}
 f - 2 scrolls of enchant armour {unknown}
 i - a scroll of enchant weapon {unknown}
 n - 2 scrolls of fog {unknown}
Potions
 b - 2 potions of degeneration {unknown}
 e - a potion of magic {unknown}
 g - a potion of heal wounds {unknown}
 h - 2 potions of berserk rage {unknown}
 j - a potion of resistance {unknown}
 l - a potion of might {unknown}
Comestibles
 c - a ration


   Skills:
 - Level 2.4 Dodging
 - Level 2.4 Stealth
 + Level 1.0 Shields
 + Level 4.6 Spellcasting
 + Level 3.0 Conjurations
 + Level 1.6 Air Magic
 + Level 4.3 Poison Magic


You had 3 spell levels left.
You knew the following spells:

 Your Spells              Type           Power        Failure   Level  Hunger
a - Sting                 Conj/Pois      ###.         3%          1    None
b - Poisonous Vapours     Pois/Air       ###...       8%          2    #......
c - Mephitic Cloud        Conj/Pois/Air  ###.....     14%         3    ##.....
d - Olgreb's Toxic Radia  Pois           ###.....     26%         4    ####...

Your spell library contained the following spells:

 Spells                   Type           Power        Failure   Level  Hunger
 Venom Bolt               Conj/Pois      ###.......   69%         5    ######.


Dungeon Overview and Level Annotations

Branches:
Dungeon (3/15)

Altars:


Message History

Casting: Sting (safe; 3% risk of failure)
Confirm with . or Enter, or press ? or * to list all spells.
Aiming: Sting (safe; 3% risk of failure)
Press: ? - help, Shift-Dir - straight line, f/p - orc priest
Aim: an orc priest, wearing a ring mail (heavily wounded, poisoned)
The sting hits the orc priest.
The orc priest appears unharmed.
The orc priest is heavily wounded.
The orc priest calls down the wrath of Beogh upon you.
Beogh smites you!
* * * LOW HITPOINT WARNING * * *
Casting: Sting (safe; 3% risk of failure)
Confirm with . or Enter, or press ? or * to list all spells.
Aiming: Sting (safe; 3% risk of failure)
Press: ? - help, Shift-Dir - straight line, f/p - orc priest
Aim: an orc priest, wearing a ring mail (severely wounded, poisoned)
The sting hits the orc priest.
The orc priest looks even sicker.
The orc priest is almost dead.
The orc priest mumbles some strange prayers to Beogh against you.
Beogh smites you!
You die...

##.##### #......#
#..# ###...##
####. #.##
#..)##...... #.#
#........... #.#
#######..#....o#.#
##.#
#....)o........#
#.o#
#..........#.#...#
###.##
#..........#.# ...
##...#
###..@<...##...#
.. #..###
##.....#..>##.. .
. ...#
##..#####.#..#.# .
..)### #..## .#
)....# #.## #
##...#####.#
.#..<......#
.....).)...#
##.........####.


You could see an orc priest.

Vanquished Creatures
  An orc wizard (D:3)
  6 adders
  An ooze (D:2)
  4 worms (D:2)
  2 dart slugs
  2 leopard geckos (D:1)
  7 orcs (D:3)
  2 bats
  2 giant cockroaches
  10 goblins
  6 hobgoblins
  8 jackals
  A ball python (D:3)
  4 frilled lizards
  5 kobolds
  10 rats
71 creatures vanquished.

Notes
Turn   | Place    | Note
-------+----------+-------------------------------------------
     0 | D:1      | Nixze the Deep Elf Venom Mage began the quest for the Orb.
     0 | D:1      | Reached XP level 1. HP: 10/10 MP: 6/6
   386 | D:1      | Reached XP level 2. HP: 15/15 MP: 5/8
   499 | D:1      | Learned a level 2 spell: Poisonous Vapours
  1035 | D:1      | Reached XP level 3. HP: 19/19 MP: 1/10
  1167 | D:1      | Learned a level 3 spell: Mephitic Cloud
  1658 | D:2      | Reached XP level 4. HP: 22/24 MP: 7/12
  1841 | D:2      | Found a faded altar of an unknown god.
  1854 | D:2      | Reached skill level 1 in Air Magic
  2365 | D:2      | Learned a level 4 spell: Olgreb's Toxic Radiance
  2821 | D:3      | Reached XP level 5. HP: 28/28 MP: 6/13
  3082 | D:3      | Reached skill level 1 in Shields
  3086 | D:3      | HP: 1/28 [orc priest/divine providence (11)]
  3088 | D:3      | Killed from afar by an orc priest

Skill      XL: |  1  2  3  4  5 |
---------------+----------------+-----
Conjurations   | 2 3 |  3.0
Spellcasting   | 4 |  4.6
Poison Magic   | 4 |  4.3
Air Magic      | 1 |  1.6
Shields        | 1 |  1.0
Dodging        | |  2.4
Stealth        | |  2.4

Action                   |  1- 3 |  4- 6 || total
-------------------------+-------+-------++-------
Melee: Unarmed           |    23 |       ||    23
       Club              |     3 |       ||     3
       Dagger            |       |    16 ||    16
 Cast: Sting             |    37 |    42 ||    79
       Poisonous Vapours |    30 |    25 ||    55
       Olgreb's Toxic Ra |       |     1 ||     1
       Mephitic Cloud    |       |     1 ||     1
  Eat: Chunk             |     3 |     5 ||     8
Armor: Robe              |    10 |     6 ||    16
Dodge: Dodged            |    34 |    11 ||    45
Block: Buckler           |       |     7 ||     7
